 Dungeon Crawl Stone Soup version 0.29-a0-559-g359e09b9d1 (webtiles) character file.

Game seed: 2042042515628847320

2 DocClef the Covert (level 1, -1/23 HPs)
             Began as a Gnoll Delver on June 10, 2022.
             Slain by an orc wizard
             ... wielding a +0 dagger
              (3 damage)
             ... on level 5 of the Dungeon.
             The game lasted 00:00:12 (43 turns).

DocClef the Covert (Gnoll Delver)                     Turns: 43, Time: 00:00:13

Health: -1/23      AC:  3    Str: 11    XL:     1   Next: 30%
Magic:  1/1        EV: 13    Int:  9    God:
Gold:   8          SH:  0    Dex: 13    Spells: 0/0 levels left

rFire   . . .      SeeInvis .   a - +0 short sword
rCold   . . .      Faith    .   (no shield)
rNeg    . . .      Spirit   .   b - +0 leather armour
rPois   .          Reflect  .   (no helmet)
rElec   .          Harm     .   (no cloak)
rCorr   .          Rampage  .   (no gloves)
Will    .....                   (no boots)
Stlth   +.........              (no amulet)
HPRegen 0.07/turn               (no ring)
MPRegen 0.07/turn               (no ring)

@: confused
A: fangs 1, strong nose, distributed training
a: no special abilities


You were on level 5 of the Dungeon.
You visited 1 branch of the dungeon, and saw 1 of its levels.

You collected 8 gold pieces.

Inventory:

Hand Weapons
 a - a +0 short sword (weapon)
Armour
 b - a +0 leather armour (worn)
Wands
 g - a wand of digging (3)
Scrolls
 c - a scroll of fog
 e - a scroll of fear
Potions
 d - a potion of might {unknown}
 f - a potion of haste


   Skills:
 + Level 6.4 Fighting
 + Level 4.4 Short Blades
 + Level 0.0 Long Blades
 + Level 0.0 Axes
 + Level 0.0 Maces & Flails
 + Level 0.0 Polearms
 + Level 0.0 Staves
 + Level 0.0 Slings
 + Level 0.0 Bows
 + Level 0.0 Crossbows
 + Level 0.0 Throwing
 + Level 0.0 Armour
 + Level 4.4 Dodging
 + Level 9.5 Stealth
 + Level 0.0 Shields
 + Level 0.0 Unarmed Combat
 + Level 0.0 Spellcasting
 + Level 0.0 Conjurations
 + Level 0.0 Hexes
 + Level 0.0 Summonings
 + Level 0.0 Necromancy
 + Level 0.0 Translocations
 + Level 0.0 Transmutations
 + Level 0.0 Fire Magic
 + Level 0.0 Ice Magic
 + Level 0.0 Air Magic
 + Level 0.0 Earth Magic
 + Level 0.0 Poison Magic
 + Level 0.1 Invocations
 + Level 0.0 Evocations


You couldn't memorise any spells.
You didn't know any spells.
Your spell library was empty.

Dungeon Overview and Level Annotations

Branches:
Dungeon (5/15)             Temple (0/1) D:5

Altars:


Innate Abilities, Weirdness & Mutations

You have very sharp teeth.
Your uncanny sense of smell can sniff out nearby items.
Your experience applies equally to all skills.


Message History

The orc shouts!
An orc comes into view. It is wielding a +0 club.
A gnoll comes into view. It is wielding a +0 spear.
A gnoll comes into view. It is wielding a +0 club.
A gnoll sergeant comes into view. It is wielding a +0 spear.
You hit the orc.
The orc is severely wounded.
You hit the orc.
You kill the orc!
The orc wizard points at you and mumbles some strange words.
The magic dart hits you.
A gnoll comes into view. It is wielding a +0 flail.
There is an open door, spattered with blood here.
Things that are here:
a +0 whip; a +0 scale mail You hit the orc.
The orc is severely wounded.
The orc closely misses you.
A gnoll comes into view. It is wielding a +0 spear.
The gnoll shouts! x2
You hit the orc but do no damage.
The orc is severely wounded.
A dart slug comes into view.
You barely miss the orc wizard. You completely miss the orc wizard.
The gnoll sergeant barely misses you.
The orc wizard hits you with a +0 dagger.
You hit the orc wizard but do no damage.
You bite the orc wizard, but do no damage.
The gnoll sergeant hits you from afar with a +0 spear.
The orc wizard casts a spell at you.
You are confused.
You bump into the rock wall.
The orc wizard casts a spell at you. The puff of flame misses you.
The gnoll sergeant hits you from afar with a +0 spear!
Ouch! That really hurt!
* * * LOW HITPOINT WARNING * * *
The orc wizard attacks as you move away!
The orc wizard hits you with a +0 dagger.
You die...

....,##.###...##.#**,,******,,,**
.....#...#.......#≈*,,*,,,,,,,,,,
.....#...'.......#∩*,,+,,,,,,,,,,
.....#...#.......#≈*****,,**,,,,,
.....#..##.......#≈*,,**,,**,,,**
.....#####.......#≈*,,,,,,**,,,**
****** #........#≈*,,,,,,,*,,,**
#........#≈*,,,,,,,*,,,,,
*#.......@#≈*,,,,,,,*,,,,,
#.....###o#≈*,,***********
#######.oog.#,,**,,***,,*,
#ggg..+,,*,,,,,+,,*,
#.....#,,*,,,,,*,,*, *****
*****#g....#*+***+***+**, *,,,**
*,,,,.####..,,,,,,,,,,,,, *,,,,*
*,,,..*,,+...,,,,,,,,,,,, *,,,,*
*,,...*,,*....,,,,,,,,,,,


You could see a gnoll sergeant, an orc wizard, 4 gnolls and 2 orcs.

Vanquished Creatures
  An orc (D:5)
1 creature vanquished.

Notes
Turn   | Place    | Note
-------+----------+-------------------------------------------
     0 | D:5      | Reached skill level 9 in Stealth
     0 | D:5      | DocClef the Gnoll Delver began the quest for the Orb.
     0 | D:5      | Reached XP level 1. HP: 23/23 MP: 1/1
    32 | D:5      | Noticed an orc wizard
    32 | D:5      | Noticed a gnoll sergeant
    43 | D:5      | Slain by an orc wizard

Illustrated notes

Levels and vault maps discovered:
D:5:      kennysheep_slugbush, layout_gridville,
          mainiacjoe_overflow_small_starburst, minmay_temple_entry_hall,
          portal_sewer_entry_d, uniq_eustachio

Skill      XL: | |
---------------+-+-----
Stealth        | |  9.5
Fighting       | |  6.4
Short Blades   | |  4.4
Dodging        | |  4.4
Invocations    | |  0.1

Action                   || total
-------------------------++-------
Melee: Short sword       ||     7
       Bite              ||     1
  Use: Scroll            ||     1
Dodge: Dodged            ||     3

Table legend: (Time is in decaauts)
 A = Elapsed time spent in this place.
 B = Non-inter-level travel time spent in this place.
 C = Inter-level travel time spent in this place.
 D = Time resting spent in this place.
 E = Time spent auto-exploring this place.
 F = Levels seen in this place.
 G = Mean time per level.
                   A        B        C        D        E       F      G
               +--------+--------+--------+--------+--------+-----+--------+
         Total |     42 |     42 |      0 |      0 |      0 |   1 |   42.0 |
       Dungeon |     42 |     42 |      0 |      0 |      0 |   1 |   42.0 |
               +--------+--------+--------+--------+--------+-----+--------+

Top non-repeatable levels by time:
     D:5: 42 daAuts
